 Dungeon Crawl Stone Soup version 0.26-a0-720-g2a1d101370 (webtiles) character file.

Game seed: 3672202127282566019

39 dickylongcocking the Caller (level 3, 0/26 HPs)
             Began as a Merfolk Summoner on Nov 4, 2020.
             Succumbed to an adder's poison
             ... on level 2 of the Dungeon.
             The game lasted 00:02:03 (3331 turns).

dickylongcocking the Caller (Merfolk Summoner)      Turns: 3331, Time: 00:02:04

Health: 0/26       AC:  2    Str:  8    XL:     3   Next: 47%
Magic:  2/6        EV: 13    Int: 15    God:
Gold:   82         SH:  0    Dex: 14    Spells: 0/6 levels left

rFire    . . .     SeeInvis .   j - +0 spear
rCold    . . .     Faith    .   (no shield)
rNeg     . . .     Spirit   .   a - +0 robe
rPois    .         Reflect  .   (no helmet)
rElec    .         Harm     .   (no cloak)
rCorr    .         Rampage  .   (no gloves)
MR       .....                  (no boots)
Stlth    ++........             (no amulet)
HPRegen  0.08/turn              (no ring)
MPRegen  0.10/turn              (no ring)

@: lethally poisoned (0 -> -13), flying, hasted, very quick
A: change form in water, swift swim, stealthy swim
a: no special abilities


You were on level 2 of the Dungeon.
You visited 1 branch of the dungeon, and saw 2 of its levels.

You collected 82 gold pieces.

Inventory:

Hand Weapons
 c - a +0 short sword
 j - a +0 spear (weapon)
Armour
 a - a +0 robe (worn)
Scrolls
 b - 2 scrolls of enchant weapon {unknown}
 d - 2 scrolls of teleportation {unknown}
 e - a scroll of blinking {unknown}
 h - a scroll of remove curse {unknown}
 i - 2 scrolls of amnesia {unknown}
 l - a scroll of noise {unknown}
 m - 2 scrolls of identify {unknown}
Potions
 k - a potion of lignification {unknown}
 n - 3 potions of curing {unknown}


   Skills:
 * Level 1.4 Fighting
 * Level 1.9 Polearms
 - Level 2.6 Dodging
 - Level 2.1 Stealth
 - Level 2.0 Spellcasting
 * Level 4.6 Summonings


You couldn't memorise any spells.
You knew the following spells:

 Your Spells              Type           Power        Failure   Level
a - Summon Small Mammal   Summ           ###.         3%          1
b - Call Imp              Summ           ###.....     4%          2
c - Call Canine Familiar  Summ           ###.....     10%         3

Your spell library contained the following spells:

 Spells                   Type           Power        Failure   Level
 Summon Guardian Golem    Hex/Summ       #.......     26%         3
 Summon Ice Beast         Ice/Summ       #.......     65%         4
 Summon Lightning Spire   Summ/Air       #.......     65%         4


Dungeon Overview and Level Annotations

Branches:
Dungeon (2/15)

Altars:
Vehumet


Message History

* * * LOW HITPOINT WARNING * * *
You feel sick. The adder bites you.
* * * LOW HITPOINT WARNING * * *
You are more poisoned.
The adder poisons you!
Your crimson imp hits the adder.
The adder misses you.
It was a potion of haste.
You feel yourself speed up.
* * * LOW HITPOINT WARNING * * *
You feel sick.
Your crimson imp completely misses the adder.
The adder barely misses you.
Unknown command.
Okay, then.
* * * LOW HITPOINT WARNING * * *
You feel sick.
Your crimson imp hits the adder.
The adder misses your crimson imp.
Unknown command.
It was a potion of flight.
You feel very buoyant.
You fly up into the air.
You die...

#########
###.S......
#.@5#######
##..5..####
#####....##
####..# ##.#
####.##
#.....#######
#...#.รท......
#...#########


You could see an adder and 2 friendly crimson imps.

Vanquished Creatures
  An adder (D:2)
  A dart slug (D:2)
  A bat (D:2)
  A giant cockroach (D:1)
  A goblin (D:2)
  A hobgoblin (D:1)
  2 jackals (D:2)
  3 kobolds
  2 frilled lizards (D:2)
13 creatures vanquished.

Vanquished Creatures (collateral kills)
  An adder (D:2)
  An ooze (D:1)
  A giant cockroach (D:1)
  A goblin (D:2)
  2 jackals (D:2)
  A bat (D:1)
  2 frilled lizards (D:1)
  2 kobolds
  4 rats
15 creatures vanquished.

Vanquished Creatures (others)
  A plant (D:1)
1 creature vanquished.

Grand Total: 29 creatures vanquished

Notes
Turn   | Place    | Note
-------+----------+-------------------------------------------
     0 | D:1      | dickylongcocking the Merfolk Summoner began the quest for
                  | the Orb.
     0 | D:1      | Reached XP level 1. HP: 13/13 MP: 3/3
   936 | D:1      | Reached XP level 2. HP: 10/19 MP: 0/5
  1073 | D:1      | Learned a level 2 spell: Call Imp
  2006 | D:2      | Reached skill level 1 in Polearms
  2011 | D:2      | Reached skill level 1 in Fighting
  2019 | D:2      | Reached XP level 3. HP: 6/26 MP: 1/6
  2480 | D:2      | Learned a level 3 spell: Call Canine Familiar
  2513 | D:2      | Found a radiant altar of Vehumet.
  3330 | D:2      | HP: 1/26 [poisoned by an adder]
  3331 | D:2      | Succumbed to an adder's poison

Illustrated notes

Levels and vault maps discovered:
D:1:      scummos_arrival_simple_fountains, layout_loops_corners, nrook_uturn,
          serial_bayou_lagoon_b
D:2:      layout_rooms, vehumet_crystals

Skill      XL: |  1  2 |
---------------+-------+-----
Polearms       | 1 |  1.9
Fighting       | 1 |  1.4
Dodging        | |  2.6
Stealth        | |  2.1
Spellcasting   | |  2.0
Summonings     | |  4.6

Action                   || total
-------------------------++-------
Melee: Short sword       ||    19
       Unarmed           ||     9
       Spear             ||    51
 Cast: Summon Small Mamm ||    20
       Call Imp          ||    17
       Call Canine Famil ||     2
  Use: Potion            ||     4
 Stab: Sleeping          ||     2
Armor: Robe              ||    19
Dodge: Dodged            ||    63

Table legend: (Time is in decaauts)
 A = Elapsed time spent in this place.
 B = Non-inter-level travel time spent in this place.
 C = Inter-level travel time spent in this place.
 D = Time resting spent in this place.
 E = Time spent auto-exploring this place.
 F = Levels seen in this place.
 G = Mean time per level.
                   A        B        C        D        E       F      G
               +--------+--------+--------+--------+--------+-----+--------+
         Total |   3305 |   3277 |     28 |   1584 |   1396 |   2 | 1652.5 |
       Dungeon |   3305 |   3277 |     28 |   1584 |   1396 |   2 | 1652.5 |
               +--------+--------+--------+--------+--------+-----+--------+

Top non-repeatable levels by time:
     D:1: 1846 daAuts
     D:2: 1459 daAuts
